[Event "Live Chess"]
[Site "Chess.com"]
[Date "2024.06.01"]
[Round "-"]
[White "Colm_Buckley"]
[Black "chessfiction"]
[Result "1/2-1/2"]
[WhiteElo "1857"]
[BlackElo "2411"]
[TimeControl "300"]
[EndTime "12:17:29 PDT"]
[Termination "Game drawn by repetition"]

1. d4 Nf6 2. c4 g6 3. Nc3 Bg7 4. e4 d6 5. Be2 Nbd7 6. Nf3 e5 7.
dxe5 dxe5 8. O-O O-O 9. h3 Nc5 10. Qc2 Re8 11. Be3 Qe7 12. Nd5 Nxd5 13. cxd5 b6 14.
Bxc5 bxc5 15. Rac1 Rb8 16. b3 f5 17. Bd3 fxe4 18. Bxe4 Ba6 19. Rfe1 c4 20. bxc4 Qb4 21. c5 Red8 22. Ng5 Bc8 23. Rb1 Qa5 24. Rxb8 Qxe1+ 25. Kh2 Rf8 26. Nf3 Qa5 27. d6 Be6 28. Rxf8+ Bxf8 29. Bxg6 Qxa2 30. Bxh7+ Kh8 31. Qxa2 Bxa2 32. dxc7 Be6 33.
Be4 Bxc5 34. Bb7 Bd6 35. c8=Q+ Bxc8 36. Bxc8 e4+ 37. Kg1 exf3 38. gxf3 Kg7 39. Kf1 Kf6 40. Ke2 Ke5 41. Kd3 Bc5 42. h4 Bxf2 43. h5 Kf6 44.
Ke4 Kg5 45. f4+ Kxh5 46. f5 Kg5 47. Kd5 Kf6 48. Kc4 Ke5 49. Kb5 Kd6 50. Ka6 Kc7 51.
Bb7 Bd4 52. Be4 Kd6 53. Bd3 Ke5 54. Bc2 Kf4 55. Bb1 Kg5 56. Bc2 Kf6 57. Bb1 Be3 58.
Bc2 Ke7 59. Bb1 Kd6 60. Bc2 Bd4 61. Bb1 Kc7 62. Bc2 Kb8 63. Bb1 Bf6 64. Bc2 Kc7 65. Bb1 Bd4 66. Bc2 Kd6 67. Bb1 Kc5 68. Bc2 Kb4 69. Bb1 Kc3 70. Be4 Kd2 71. Bb1 Kc1 72. Be4 Kd2 73. Bb1 Bf6 74. Be4 Ke3 75. Bb1 Kd4 76. Bc2 Kc3 77. Bb1 Kb2 78. Be4 Bd4 79.
Ka5 Kc3 80. Ka6 Bf6 81. Bb1 Bd4 82. Be4 1/2-1/2

[Event "Live Chess"]
[Site "Chess.com"]
[Date "2024.06.01"]
[Round "-"]
[White "imchessive"]
[Black "NeilDruggan73"]
[Result "0-1"]
[WhiteElo "1572"]
[BlackElo "1735"]
[TimeControl "300"]
[EndTime "12:17:33 PDT"]
[Termination "NeilDruggan73 won by checkmate"]

1. d4 Nf6 2. c4 g6 3. Nf3 Bg7 4. g3 d6 5. Bg2 O-O 6. O-O Nc6 7.
Nc3 Bg4 8. e4 e5 9. Ne2 Nxe4 10.
h3 Bxf3 11. Bxf3 Nf6 12. Bxc6 bxc6 13. Qa4 Qd7 14. d5 Qxh3 15. f3 cxd5 16. cxd5 Nxd5 17. Qe4 Ne7 18. Be3 c5 19. Rf2 d5 20. Qc2 c4 21.
Rh2 Qf5 22. Qd2 Qxf3 23. Bh6 Nf5 24. Bxg7 Kxg7 25. Rf1 Qe3+ 26. Qxe3 Nxe3 27. Rf3 Ng4 28. Rh4 f5 29. Nc3 d4 30. Nd5 Rf7 31. Kg2 Rd8 32. Nb4 a5 33. Nc6 Rd5 34. Ra3 d3 35. Nxa5 d2 36. Rh1 d1=Q 37. Rxd1 Rxd1 38. Nxc4 Rc7 39.
Rc3 e4 40. a4 Rd4 41. Nb6 Rxc3 42. bxc3 Rd2+ 43. Kf1 Ra2 44. c4 e3 45. c5 e2+ 46.
Ke1 Ne5 47. Nd5 Nd3# 0-1

[Event "Live Chess"]
[Site "Chess.com"]
[Date "2024.06.01"]
[Round "-"]
[White "Nazar-Makarchuk"]
[Black "Queensandpawns"]
[Result "0-1"]
[WhiteElo "1521"]
[BlackElo "2399"]
[TimeControl "300"]
[EndTime "12:17:50 PDT"]
[Termination "Queensandpawns won by resignation"]

1. e4 e5 2. Nf3 Nf6 3. Nxe5 Nc6 4. Nxc6 dxc6 5. Nc3 Bc5 6. Be2 Qd4 7. O-O h5 8.
d3 Ng4 9. Bxg4 hxg4 10. Be3 Qe5 11. g3 Qh5 12. Re1 Qxh2+ 13. Kf1 Bxe3 14. Rxe3 Be6 15.
Ke2 O-O-O 16. Qg1 Qh5 17. Kd2 f5 18. Ne2 fxe4 19. Rxe4 Qf7 20. Nf4 Bf5 21. Re3 g5 22. Ne2 Rhe8 23. Rxe8 Rxe8 24. Nc3 b5 25. Re1 b4 26.
Rxe8+ Qxe8 27. Ne2 Qe5 28. c3 bxc3+ 29. Nxc3 Qd4 30.
Qe1 Qxd3+ 0-1

[Event "Live Chess"]
[Site "Chess.com"]
[Date "2024.06.01"]
[Round "-"]
[White "Demyan7777"]
[Black "Silverback7829"]
[Result "1-0"]
[WhiteElo "1840"]
[BlackElo "1154"]
[TimeControl "300"]
[EndTime "12:18:05 PDT"]
[Termination "Demyan7777 won by checkmate"]

1. e4 e5 2. Nf3 Nc6 3. Nc3 d6 4. d4 Bg4 5. d5 Bxf3 6. Qxf3 Nd4 7. Qd1 Ne6 8. dxe6 fxe6 9. Bc4 Nf6 10. Bxe6 Be7 11. Bg5 Nd7 12. Bxe7 Qxe7 13. Nd5 Qxe6 14. Nxc7+ Ke7 15. Nxe6 Kxe6 16. Qd5+ Kf6 17. O-O-O Rhe8 18. Qxd6+ Kf7 19. Qxd7+ Kg8 20. Qxb7 Rad8 21. Rxd8 Rxd8 22.
Qb3+ Kf8 23. Rd1 Rxd1+ 24. Kxd1 h6 25. Qd5 Ke7 26. c4 Kf6 27. c5 g6 28. c6 Ke7 29. c7 a5 30. c8=Q Kf6 31. Qce6+ Kg5 32. Qdxe5+ Kh4 33. Qh3# 1-0

[Event "Live Chess"]
[Site "Chess.com"]
[Date "2024.06.01"]
[Round "-"]
[White "Tushinskiy"]
[Black "MellowAesthetic"]
[Result "1-0"]
[WhiteElo "2241"]
[BlackElo "2073"]
[TimeControl "300"]
[EndTime "12:18:12 PDT"]
[Termination "Tushinskiy won on time"]

1. d4 Nf6 2. c3 d5 3. Nf3 c5 4. Bf4 Nc6 5. e3 Qb6 6. Qc1 Bf5 7. Nbd2 e6 8. Be2 Be7 9. Nb3 cxd4 10. Nbxd4 Bg6 11.
Nxc6 bxc6 12. O-O O-O 13. h3 Ne4 14. Ne5 Rfd8 15. Nxg6 hxg6 16. Bd3 Nf6 17. Rd1 c5 18. Qc2 c4 19. Be2 Ne4 20. Bxc4 Nxf2 21. Qxf2 dxc4 22.
Rf1 f6 23. Rae1 Bc5 24. Kh1 Rd3 25. Bh2 Rxe3 26. Rxe3 Bxe3 27. Qh4 Rd8 28. Qxc4 Rd2 29. b4 Kf7 30. a4 Qb7 31. Qg4 Qd5 32. c4 Qd3 33.
Qf3 Qxc4 34. b5 Bb6 35. Bg1 Qxa4 36. Bxb6 axb6 37. Qb7+ Kg8 38. Qxb6 Qe4 39. Rg1 Rd3 40.
Qb8+ Kh7 41. Kh2 e5 42. Qc8 Qf4+ 43. Kh1 Rxh3+ 44. Qxh3+ 1-0

[Event "Live Chess"]
[Site "Chess.com"]
[Date "2024.06.01"]
[Round "-"]
[White "DarranAS"]
[Black "PaulHumphreys"]
[Result "0-1"]
[WhiteElo "1479"]
[BlackElo "1408"]
[TimeControl "300"]
[EndTime "12:18:21 PDT"]
[Termination "PaulHumphreys won by resignation"]

1. e4 e6 2. d4 d5 3. e5 c5 4. c3 Nc6 5. Nf3 Nge7 6. Bg5 h6 7. Bh4 g5 8. Bg3 Nf5 9. Bb5 cxd4 10. Nxd4 Nxd4 11.
cxd4 Qa5+ 12. Nc3 Bb4 13. Bxc6+ bxc6 14. Qc2 Ba6 15. h4 g4 16. Bf4 h5 17. O-O-O Bxc3 18.
Qxc3 Qxc3+ 19. bxc3 Bc4 20. Kb2 Rb8+ 21. Ka3 Kd7 22.
Rb1 a6 23. Bg5 Rb5 24. Rb4 a5 25. Rxb5 cxb5 26. Rb1 Rb8 27. f3 gxf3 28. gxf3 Be2 29. Bd2 Bxf3 30. Rf1 Be4 31. Rxf7+ Ke8 32. Rh7 Bxh7 0-1

[Event "Live Chess"]
[Site "Chess.com"]
[Date "2024.06.01"]
[Round "-"]
[White "MaksymYurii"]
[Black "booktrunk"]
[Result "0-1"]
[WhiteElo "933"]
[BlackElo "1371"]
[TimeControl "300"]
[EndTime "12:19:05 PDT"]
[Termination "booktrunk won by checkmate"]

1. e4 b6 2. d4 Bb7 3. Nc3 h6 4. Nf3 e6 5. Bd3 Nf6 6. e5 Nd5 7. Nxd5 Bxd5 8. O-O Be7 9. c4 Bb7 10. b4 O-O 11. Bd2 Nc6 12. Qc1 Nxb4 13. Bb1 Na6 14. Bxh6 gxh6 15. Qxh6 f5 16. g4 Rf7 17. gxf5 Rg7+ 18.
Kh1 Bg5 19. Qh5 exf5 20. Bxf5 Qf8 21. Bh7+ Rxh7 22. Qxg5+ Rg7 23. Qh5 Bxf3+ 24. Qxf3 Qxf3# 0-1

[Event "Live Chess"]
[Site "Chess.com"]
[Date "2024.06.01"]
[Round "-"]
[White "LL220284LL"]
[Black "Trecregin"]
[Result "0-1"]
[WhiteElo "2549"]
[BlackElo "1898"]
[TimeControl "300"]
[EndTime "12:19:19 PDT"]
[Termination "Trecregin won by resignation"]

1. c4 c5 2. g3 g6 3. Bg2 Bg7 4.
Nf3 Nf6 5. O-O O-O 6. Nc3 Nc6 7. d3 Rb8 8. Rb1 d6 9. a3 Bd7 10. b4 cxb4 11. axb4 a6 12. Bd2 b5 13. cxb5 axb5 14.
Qb3 Bg4 15. Rfc1 Bxf3 16. Bxf3 Nd4 17. Qd1 Nxf3+ 18. exf3 d5 19. Ne2 Qd7 20. Bc3 Rfe8 21. Be5 Rbc8 22. Nd4 Nh5 23. Bxg7 Kxg7 24. Qe2 e5 25.
Rxc8 Qxc8 26. Nxb5 Qc6 27. Nd4 exd4 28. Qb2 Qb6 29.
b5 Nf6 30. Rc1 Rb8 31. Kg2 Ne8 32. Qa1 Qxb5 33. Qxd4+ Nf6 34. g4 Qb4 35. Qe5 Re8 36.
Qa1 h6 37. h4 d4 38. Rc4 Qd2 39. Qxd4 Re2 40. g5 hxg5 41. hxg5 Qxg5+ 42. Kf1 Re8 43. Rc6 Rh8 44. f4 Rh1+ 45. Ke2 Qg4+ 46. Kd2 Qd1+ 47.
Kc3 Qc1+ 48. Kb4 Qxc6 0-1

[Event "Live Chess"]
[Site "Chess.com"]
[Date "2024.06.01"]
[Round "-"]
[White "Bob2pen"]
[Black "gmnorfolk"]
[Result "1-0"]
[WhiteElo "1921"]
[BlackElo "2036"]
[TimeControl "300"]
[EndTime "12:20:04 PDT"]
[Termination "Bob2pen won by resignation"]

1. e4 c5 2. Nf3 d6 3. Bb5+ Bd7 4.
Bxd7+ Qxd7 5. O-O Nc6 6. c3 Nf6 7. Re1 e6 8. d4 cxd4 9. cxd4 d5 10.
e5 Ne4 11. Nbd2 Nxd2 12. Bxd2 Be7 13. Rc1 O-O 14. Rc3 Rac8 15. Rd3 Nb4 16. Bxb4 Bxb4 17. Re2 Rc7 18. Rc2 Rfc8 19. Rxc7 Qxc7 20. h4 h6 21. Rb3 a5 22. a3 Be7 23. Qd3 Qc1+ 24. Qf1 Qc7 25. Kh2 f6 26. g3 g5 27. Qb5 g4 28.
Nd2 fxe5 29. Qxb7 exd4 30. Kg2 e5 31. Qxd5+ Kg7 32. Rb7 Qc6 33. Qxc6 Rxc6 34. Rxe7+ Kf6 35. Ra7 Rc2 36. Ne4+ Kf5 37. Nd6+ Ke6 38. Ne4 Kd5 39. Nf6+ Kc6 40. Nxg4 e4 41. Rxa5 e3 42. Kf3 e2 43.
Re5 d3 44. Re3 Rc1 45. Ne5+ Kd5 46. Nxd3 Rc2 47. Rxe2 1-0

[Event "Live Chess"]
[Site "Chess.com"]
[Date "2024.06.01"]
[Round "-"]
[White "CarmelJane"]
[Black "KeithArkell"]
[Result "0-1"]
[WhiteElo "2089"]
[BlackElo "2489"]
[TimeControl "300"]
[EndTime "12:20:12 PDT"]
[Termination "KeithArkell won on time"]

1. e4 c6 2. d4 d5 3. e5 c5 4. dxc5 Nc6 5. Nf3 Bg4 6. Bb5 Qa5+ 7. Nc3 Bxf3 8. Qxf3 e6 9. O-O Bxc5 10. a3 Ne7 11. Bg5 Qc7 12. Bxe7 Qxe7 13. Bxc6+ bxc6 14. Ne2 Qg5 15.
Qc3 O-O 16. Qxc5 Qxe5 17. Rfe1 Qxb2 18. Rab1 Qf6 19. Rb3 h5 20. Rg3 h4 21. Rf3 Qg5 22. Qe3 Qxe3 23. Rxe3 Rab8 24. Rb3 Rb6 25. Nd4 c5 26. Nf3 h3 27. gxh3 c4 28. Rxb6 axb6 29.
Ne5 Ra8 30. Rb1 b5 31. Rxb5 f6 32. Nf3 Rxa3 33. Nd4 e5 34. Nf5 Kf7 35. Ne3 d4 36. Nxc4 Rc3 37. Nd6+ Ke6 38. Ne8 Kd7 39. Nxg7 Rxc2 40.
Nf5 Ke6 41. Ng3 d3 42. Nf1 d2 43. Nxd2 Rxd2 44. Rb3 Kf5 45. Kg2 Kg5 46. Rg3+ Kh5 47. Rf3 Kg6 48. h4 Rd4 49. Kg3 f5 50. Ra3 Rg4+ 51. Kh3 Rf4 52. Ra6+ Kh5 53. Ra5 Rxh4+ 54. Kg2 Rf4 55. Kg3 Kg5 56. Rxe5 Rg4+ 57. Kf3 Rh4 58. Kg3 Rg4+ 59. Kf3 Ra4 60. Kg3 Ra1 61. Re8 Rg1+ 62.
Kf3 Kf6 63. Rf8+ Ke6 64. Rh8 Rg6 65. h4 Rg4 66. h5 Rh4 67. h6 Kf6 68. h7 Kg7 69. Rd8 Kxh7 70. Rd5 Kg6 71. Kg3 Rg4+ 0-1

[Event "Live Chess"]
[Site "Chess.com"]
[Date "2024.06.01"]
[Round "-"]
[White "Tushinskiy"]
[Black "Colm_Buckley"]
[Result "1-0"]
[WhiteElo "2245"]
[BlackElo "1855"]
[TimeControl "300"]
[EndTime "12:20:18 PDT"]
[Termination "Tushinskiy won by resignation"]

1. d4 e6 2. c3 Nf6 3. Nf3 c5 4.
Bf4 d5 5. Bg3 Nc6 6. e3 Bd6 7.
Bd3 Bxg3 8. hxg3 cxd4 9. exd4 b6 10. Nbd2 a5 11. Qe2 Qc7 12. Ne5 h6 13. f4 Nxe5 14.
fxe5 Nd7 15. g4 g6 16. g5 h5 17. g4 Nf8 18. O-O-O Qe7 19. gxh5 Qxg5 20. Rdg1 Qh6 21. hxg6 Qxh1 22. gxf7+ Kxf7 23. Qf1+ 1-0

[Event "Live Chess"]
[Site "Chess.com"]
[Date "2024.06.01"]
[Round "-"]
[White "blunderabit"]
[Black "Crowded_House"]
[Result "1-0"]
[WhiteElo "1820"]
[BlackElo "1737"]
[TimeControl "300"]
[EndTime "12:20:28 PDT"]
[Termination "blunderabit won by checkmate"]

1. e4 e6 2. d4 d5 3. Bd3 dxe4 4. Bxe4 Nf6 5. Bf3 Bd6 6. Ne2 O-O 7. Nbc3 Nbd7 8.
Nb5 Nb6 9. Nxd6 Qxd6 10. O-O Rb8 11. Bf4 Qd7 12. c3 Nbd5 13. Be5 Qe7 14. c4 Nb6 15. b3 Nbd7 16. Bxc7 Ra8 17. Bg3 Nb6 18. Qc2 Rd8 19.
Rad1 Nfd7 20. Rfe1 Qb4 21. Nc3 Nf6 22. Ne4 Nxe4 23.
Bxe4 h6 24. Re3 a6 25. a3 Qf8 26. b4 Nd7 27. c5 Nf6 28. Bd6 Qe8 29. Bf3 Nd5 30.
Bxd5 Qd7 31. Be4 f5 32. Bf3 Re8 33. Rde1 Qf7 34. d5 e5 35. Bxe5 Bd7 36. d6 Rab8 37. Qd2 Re6 38. Bd5 Rbe8 39. Bb2 Rxe3 40. Bxf7+ Kf8 41.
Rxe3 Rxe3 42. Qxe3 Kxf7 43. Qe7+ Kg6 44. Qxg7+ Kh5 45.
Qxd7 Kg5 46. Qg7+ Kf4 47. d7 Ke4 48. Qe5+ Kd3 49. d8=Q+ Kc4 50. Qdd5+ Kb5 51. Qxb7+ Ka4 52. Qc3 a5 53. Qc2# 1-0

[Event "Live Chess"]
[Site "Chess.com"]
[Date "2024.06.01"]
[Round "-"]
[White "MagnersCarlsberg2870"]
[Black "StoreySniper"]
[Result "0-1"]
[WhiteElo "1844"]
[BlackElo "2532"]
[TimeControl "300"]
[EndTime "12:20:29 PDT"]
[Termination "StoreySniper won by checkmate"]

1. d4 g6 2. h4 Bg7 3. h5 c5 4. hxg6 hxg6 5. Rxh8 Bxh8 6. c3 cxd4 7.
cxd4 Nc6 8. Nf3 Qa5+ 9. Bd2 Qh5 10. Nc3 d5 11. Qb3 e6 12. e3 Nge7 13. O-O-O Bf6 14. Nb5 Kf8 15. g4 Qxg4 16. Be2 Qg2 17. Nd6 Qxf2 18.
Re1 Qg3 19. Rg1 Qxd6 20. Ng5 Bxg5 21. Rxg5 Nf5 22. Bb5 Bd7 23. Bxc6 Qxc6+ 24. Kb1 Rc8 25. Bb4+ Kg7 26. a3 Qc4 27. Qd1 Nxe3 28. Qh1 Qc2+ 29.
Ka2 Nd1 30. Rg2 Qe4 31. Qh2 Ba4 32. Rg1 Rc1 33. Bf8+ Kg8 34. Rh1 Qb1# 0-1

[Event "Live Chess"]
[Site "Chess.com"]
[Date "2024.06.01"]
[Round "-"]
[White "wadsy27"]
[Black "Nazar-Makarchuk"]
[Result "1-0"]
[WhiteElo "2558"]
[BlackElo "1521"]
[TimeControl "300"]
[EndTime "12:20:49 PDT"]
[Termination "wadsy27 won by checkmate"]

1. d4 d5 2. Nf3 Nf6 3. Bf4 Bg4 4. Ne5 Nbd7 5. Nxg4 Nxg4 6. e4 Ngf6 7. e5 Ne4 8.
f3 g5 9. Be3 f6 10. fxe4 dxe4 11. Qh5# 1-0

[Event "Live Chess"]
[Site "Chess.com"]
[Date "2024.06.01"]
[Round "-"]
[White "educatedlad"]
[Black "NAZRIZ1977"]
[Result "0-1"]
[WhiteElo "1761"]
[BlackElo "2129"]
[TimeControl "300"]
[EndTime "12:20:53 PDT"]
[Termination "NAZRIZ1977 won by resignation"]

1. d4 Nf6 2. Bg5 d5 3. e3 Nbd7 4. Nd2 c5 5. Ngf3 e6 6. Be2 Be7 7. O-O Ne4 8. Bxe7 Qxe7 9. Nxe4 dxe4 10. Nd2 f5 11. Bc4 Nb6 12. Bb5+ Bd7 13. Bxd7+ Nxd7 14. Nb3 c4 15. Nd2 Rc8 16. c3 O-O 17. Qe2 b5 18. f3 exf3 19. Nxf3 e5 20. Nxe5 Nxe5 21. dxe5 Qxe5 22. Rad1 f4 23. Rfe1 Rce8 24. Kf2 fxe3+ 25. Kg1 Rf7 26. Rf1 Rxf1+ 27. Rxf1 h6 28. Rf3 Qe4 29. h3 Kh7 30. Rf7 Qd3 31. Qg4 Qg6 32. Qxg6+ Kxg6 33. Rf1 Rd8 34. Re1 Rd3 35. Kf1 Kf5 36. Ke2 Ke4 37. g4 Rd2+ 38. Kf1 Rxb2 39. Re2 Rxe2 40. Kxe2 g5 41. a3 a5 42. Ke1 Kd3 43. Kd1 0-1

[Event "Live Chess"]
[Site "Chess.com"]
[Date "2024.06.01"]
[Round "-"]
[White "MaximKovalenko83"]
[Black "Queensandpawns"]
[Result "1-0"]
[WhiteElo "2225"]
[BlackElo "2387"]
[TimeControl "300"]
[EndTime "12:21:04 PDT"]
[Termination "MaximKovalenko83 won by resignation"]

1. d4 e5 2. dxe5 Bc5 3. Nf3 d6 4. exd6 Ne7 5. Nc3 Bxd6 6. e4 O-O 7. Bd3 Nbc6 8. O-O Bg4 9. h3 Bh5 10. Be3 Qd7 11. Be2 Rad8 12. Nd5 Nxd5 13. Qxd5 Bg6 14. Rad1 Rfe8 15. Bd3 Qe7 16. Bg5 Qf8 17. Bxd8 Rxd8 18. Qg5 h6 19. Qh4 Re8 20. Rfe1 Be7 21. Qg3 Bc5 22. e5 Bxd3 23. cxd3 1-0

[Event "Live Chess"]
[Site "Chess.com"]
[Date "2024.06.01"]
[Round "-"]
[White "JanMur7"]
[Black "Brooms1989"]
[Result "1-0"]
[WhiteElo "2301"]
[BlackElo "1088"]
[TimeControl "300"]
[EndTime "12:21:11 PDT"]
[Termination "JanMur7 won by resignation"]

1. c4 Nf6 2. Nc3 g6 3. d4 Bg7 4. e4 d6 5. Bg5 O-O 6. Be2 Nbd7 7. g4 e5 8. d5 a5 9. h4 Nc5 10. f3 h6 11. Be3 b6 12. h5 g5 13. Nh3 Bd7 14. Nf2 c6 15. O-O cxd5 16. Nxd5 Nxd5 17. cxd5 Rc8 18. Nd3 Nxd3 19. Bxd3 b5 20. Qe2 b4 21. b3 Qc7 22. Rfc1 Qb8 23. Ba6 Rxc1+ 24. Rxc1 Bc8 25. Bxc8 Rxc8 26. Rxc8+ Qxc8 27. Qd2 Kf8 28. Qc1 Qxc1+ 29. Bxc1 Bf6 30. Kf2 Bd8 31.
Ke2 Ke7 32. Kd3 Kd7 33. Kc4 Kc7 34. Be3 Kb7 35. Kb5 f6 36. Bf2 Bc7 37. Be1 Bd8 38. Bd2 Bc7 39. Bc1 Bd8 40. a3 bxa3 41. Bxa3 Bc7 42.
Bc1 Bb6 43. Bd2 Bc7 44. Bxa5 Bxa5 45. Kxa5 Kb8 46. Kb6 Kc8 47. Kc6 Kd8 48. Kxd6 1-0

[Event "Live Chess"]
[Site "Chess.com"]
[Date "2024.06.01"]
[Round "-"]
[White "WorcesterYork"]
[Black "JohanKjeldahl"]
[Result "1-0"]
[WhiteElo "2514"]
[BlackElo "1828"]
[TimeControl "300"]
[EndTime "12:21:19 PDT"]
[Termination "WorcesterYork won by resignation"]

1. d4 Nf6 2. Bg5 e6 3. Nd2 c5 4. e3 d5 5. c3 Nbd7 6. Ngf3 Be7 7. Bd3 h6 8. Bxf6 Nxf6 9. O-O O-O 10. Ne5 b6 11. f4 Bb7 12. Qf3 Rc8 13. Rae1 a6 14. g4 Nd7 15. Nxd7 Qxd7 16. Qg3 f5 17. gxf5 exf5 18. Nf3 Bf6 19. Ne5 Bxe5 20. fxe5 Rce8 21. Rf4 Bc8 22. Ref1 Qc6 23. Bxf5 Bxf5 24. Rxf5 Rxf5 25. Rxf5 cxd4 26. exd4 Qc4 27. a3 Qe2 28. Rf2 Qe1+ 29. Kg2 Qe4+ 30. Qf3 Qg6+ 31. Kh1 Qb1+ 32. Rf1 Qg6 33.
Qxd5+ Kh7 34. Qf3 1-0

[Event "Live Chess"]
[Site "Chess.com"]
[Date "2024.06.01"]
[Round "-"]
[White "Bradfield133"]
[Black "A3ndrey9"]
[Result "1-0"]
[WhiteElo "1926"]
[BlackElo "1293"]
[TimeControl "300"]
[EndTime "12:21:36 PDT"]
[Termination "Bradfield133 won on time"]

1. c4 c6 2. Qa4 d5 3. cxd5 Qxd5 4. Nf3 Nf6 5. g3 Bf5 6. Nc3 Qd8 7. Bg2 e6 8. O-O Be7 9. d3 O-O 10. Re1 b5 11. Qc2 a5 12. e4 Bg4 13. Ne5 Nbd7 14. Nxc6 Qe8 15. Nxe7+ Qxe7 16. Nxb5 Qb4 17. Nc3 Ne5 18.
a3 Qd4 19. Re3 Rfc8 20. h3 Bh5 21. f4 Ned7 22. Qf2 Nc5 23. Ne2 Bxe2 24. Qxe2 Nb3 25. Bd2 Qxb2 26. Rd1 Nxd2 27. Rxd2 Rc1+ 28. Kf2 Qxa3 29.
d4 Rc3 30. d5 Rxe3 31. Qxe3 Qxe3+ 32. Kxe3 exd5 33. exd5 a4 34. d6 Re8+ 35. Kd4 Rd8 36. Kc5 Kf8 37. Ra2 Ke8 38. Rxa4 Nd7+ 39. Kc6 f5 40.
Kc7 Nc5 41. Bc6+ Nd7 42. Ra1 Rb8 43. Bxd7+ 1-0

[Event "Live Chess"]
[Site "Chess.com"]
[Date "2024.06.01"]
[Round "-"]
[White "jimwad"]
[Black "IanCalvert2"]
[Result "0-1"]
[WhiteElo "1237"]
[BlackElo "1547"]
[TimeControl "300"]
[EndTime "12:21:47 PDT"]
[Termination "IanCalvert2 won by resignation"]

1. c4 c6 2. g3 d5 3. b3 Nf6 4. Bg2 g6 5. Bb2 Bg7 6. Nc3 O-O 7. e3 e6 8. d4 Nbd7 9. Nge2 b6 10. O-O Bb7 11. Rc1 Rc8 12. cxd5 cxd5 13. Qd2 Ba6 14. a4 Rc7 15. b4 Bxe2 16. Qxe2 Qb8 17. Nb5 Rxc1 18. Rxc1 a6 19. Nc3 Qb7 20. b5 a5 21.
Ba3 Rc8 22. Qd2 Bf8 23. Ne2 Bxa3 24. Rxc8+ Qxc8 25. Qc3 Qxc3 26. Nxc3 Bb4 27. Nb1 Ne4 28. Bxe4 dxe4 29. Kf1 f5 30. Ke2 e5 31. dxe5 Nxe5 32.
Kd1 Kf7 33. Nd2 Bxd2 34. Kxd2 Ke6 35. Kc3 Kd5 36. h3 Nd3 37. f4 Nc5 38. g4 fxg4 39.
hxg4 h5 40. gxh5 gxh5 41. f5 h4 0-1

[Event "Live Chess"]
[Site "Chess.com"]
[Date "2024.06.01"]
[Round "-"]
[White "KwikPhoenix"]
[Black "matt1979"]
[Result "1-0"]
[WhiteElo "2452"]
[BlackElo "1384"]
[TimeControl "300"]
[EndTime "12:21:53 PDT"]
[Termination "KwikPhoenix won by resignation"]

1. b3 f5 2. Bb2 d6 3. g3 e5 4. Bg2 Nf6 5. c4 Be7 6. Nc3 O-O 7. d4 e4 8. Qd2 c6 9. e3 d5 10. cxd5 cxd5 11. Nge2 a6 12. a3 Nc6 13. h4 Ng4 14.
Nf4 Nf6 15. h5 Qd6 16. b4 Be6 17. Na4 Bd8 18. Nc5 Bc8 19. Nb3 a5 20. b5 Na7 21.
a4 b6 22. Ba3 Qd7 23. Bxf8 Kxf8 24. Rc1 Nxb5 25. axb5 Qxb5 26. Qa2 Ba6 27. Bf1 Qb4+ 28.
Nd2 Bxf1 29. Kxf1 Be7 30. Kg2 a4 31. h6 g6 32. Ne6+ Kf7 33. Ng5+ Ke8 34. Rc7 Ng4 35.
Ne6 a3 36. Rhc1 Qb2 37. Qxb2 axb2 38. Rb1 Ba3 39. Rxh7 Rc8 40. Nc7+ Kd8 41. Nxd5 Rc1 42. Nxb6 Ke8 43. Nbc4 Rxb1 44. Nxb1 Bb4 45. Nxb2 1-0

[Event "Live Chess"]
[Site "Chess.com"]
[Date "2024.06.01"]
[Round "-"]
[White "booktrunk"]
[Black "Demyan7777"]
[Result "0-1"]
[WhiteElo "1370"]
[BlackElo "1845"]
[TimeControl "300"]
[EndTime "12:22:03 PDT"]
[Termination "Demyan7777 won by resignation"]

1. d4 d5 2. Nc3 Nf6 3. Bf4 e6 4. Nb5 Bd6 5. Nxd6+ cxd6 6. e3 Nc6 7. Nf3 O-O 8. Bb5 Qa5+ 9. c3 Qxb5 10. a4 Qxb2 11. Rb1 0-1

[Event "Live Chess"]
[Site "Chess.com"]
[Date "2024.06.01"]
[Round "-"]
[White "nffc11"]
[Black "ProfPoisson"]
[Result "1-0"]
[WhiteElo "2001"]
[BlackElo "1278"]
[TimeControl "300"]
[EndTime "12:22:07 PDT"]
[Termination "nffc11 won by checkmate"]

1. d4 e6 2. Nf3 f5 3. g3 Nf6 4.
Bg2 Be7 5. O-O d6 6. b3 O-O 7. Bb2 Ne4 8. Nbd2 Nxd2 9. Qxd2 Bf6 10. Rfe1 Qe8 11. e4 fxe4 12. Rxe4 d5 13. Re2 Nc6 14. Rae1 a5 15. a4 Nb4 16. c3 Nc6 17. Ba3 Rf7 18. Ne5 Nxe5 19. dxe5 Be7 20. Bxe7 Qxe7 21. f4 b6 22. c4 Ba6 23. cxd5 Bxe2 24. dxe6 Qc5+ 25. Kh1 Re7 26. Bxa8 Bg4 27. Qd8+ Re8 28. Qxe8+ Qf8 29. Qxf8+ Kxf8 30. Bd5 Ke7 31. Rc1 c5 32. Bc4 Bf3+ 33. Kg1 h6 34. Kf2 Bg4 35. Ke3 g5 36. Rc2 gxf4+ 37.
Kxf4 Bd1 38. Rd2 Bh5 39. Rd7+ Ke8 40. Rh7 b5 41. Bxb5+ Kd8 42. e7+ Kc8 43. Rxh6 c4 44. bxc4 Kc7 45. Rxh5 Kb7 46. e8=Q Kb6 47. Qc6+ Ka7 48.
Rh7+ Kb8 49. Qe8# 1-0

[Event "Live Chess"]
[Site "Chess.com"]
[Date "2024.06.01"]
[Round "-"]
[White "Duke_of_Bebington"]
[Black "Nathaniel250"]
[Result "0-1"]
[WhiteElo "1587"]
[BlackElo "1498"]
[TimeControl "300"]
[EndTime "12:22:13 PDT"]
[Termination "Nathaniel250 won on time"]

1. e4 c5 2. c3 e6 3. d4 cxd4 4. cxd4 Nc6 5. d5 exd5 6. exd5 Ne5 7. d6 Qb6 8. Nf3 Nxf3+ 9. Qxf3 Bxd6 10. Bc4 Nf6 11.
O-O O-O 12. Nc3 Qc5 13. Bb3 Qh5 14. Qxh5 Nxh5 15. Ne4 Be5 16. Rb1 Nf6 17. Bc2 Re8 18.
Be3 Nxe4 19. Bxe4 Bxh2+ 20. Kxh2 Rxe4 21. Rbc1 d5 22. Rc7 b6 23. Rfc1 Be6 24. a3 Rc4 25.
R1xc4 dxc4 26. Kg3 h6 27. Bd4 Rd8 28. Bc3 Rd7 29.
Rc8+ Kh7 30. Rb8 Kg6 31. Rg8 f6 32. Re8 Kf7 33. Ra8 a5 34. Rb8 Rd6 35. Kf3 Bd7 36. Rb7 Kg6 37. Rc7 Bc6+ 38. Ke3 a4 39. g3 b5 40. Re7 Rd3+ 41. Ke2 Bf3+ 42. Kf1 Rd1+ 43. Re1 Rxe1+ 44. Kxe1 Kf5 45. Kd2 Ke4 46. Bb4 f5 47. Bc3 g6 48. Bg7 h5 49. Bh6 Kd4 50. Be3+ Kd5 51. Kc3 Be4 52. Kb4 Kc6 53. Bg5 Bc2 54.
Kc3 Bb3 55. Kd4 Bc2 56. Ke5 f4 57. Bxf4 Bf5 58. Kd4 Kd7 59. Bg5 Kc6 60. Bf4 Be6 61. Bg5 Bf5 62. f4 Bg4 63. Bh4 Bf5 64. Bf6 Bg4 65.
Be5 Bf5 66. Kc3 Bg4 67. Kb4 Bf5 68. Ka5 Bg4 69. Kb4 Bf5 70. Kc3 Bg4 71. Bg7 Bf5 72. Bh8 Bg4 73. Be5 Bf5 74. Bd4 Bg4 75. Bf6 Bf5 76. Bg7 Bg4 77. Bf8 Bf5 78. Bh6 Bg4 79. Bf8 Bf5 80. Bb4 Bg4 81. Ba5 Bf5 82. Bd8 Bg4 83. Bf6 Bf5 84. Bd4 h4 85. Bf2 hxg3 86. Bxg3 Be6 87. Bh4 Bf5 88. Bg5 Be6 89. f5 Bxf5 90.
Bf6 g5 91. Bxg5 Be4 92. Bf4 Bd5 93. Be3 Be4 94. Bd4 Bd5 95. Be5 Be4 96. Bf6 Bd5 0-1

[Event "Live Chess"]
[Site "Chess.com"]
[Date "2024.06.01"]
[Round "-"]
[White "ACM42"]
[Black "Eva3337"]
[Result "1-0"]
[WhiteElo "2220"]
[BlackElo "1159"]
[TimeControl "300"]
[EndTime "12:22:20 PDT"]
[Termination "ACM42 won by resignation"]

1. e4 Nc6 2. d4 e6 3. Nc3 d6 4. f4 Bd7 5. Nf3 Be7 6. Bd3 h6 7. O-O g5 8. f5 g4 9. Ne1 exf5 10. exf5 Bg5 11. Qxg4 Bxc1 12. Rxc1 Qf6 13. Nd5 Qd8 14. Qg7 Nxd4 15. Qxh8 Qg5 16. Nxc7+ Kd8 17. Nxa8 Bc6 18. g3 Qxc1 19. Qxg8+ Ke7 20. f6+ Ke6 21. Qg4+ Ke5 22. Qf4+ Kd5 23. Qxc1 1-0

[Event "Live Chess"]
[Site "Chess.com"]
[Date "2024.06.01"]
[Round "-"]
[White "cymbalshift"]
[Black "ossie57"]
[Result "0-1"]
[WhiteElo "1667"]
[BlackElo "1655"]
[TimeControl "300"]
[EndTime "12:22:21 PDT"]
[Termination "ossie57 won on time"]

1. d4 e6 2. e4 d5 3. Nc3 Bb4 4. e5 Ne7 5. h4 c5 6. a3 Bxc3+ 7. bxc3 Nbc6 8. Qg4 Qa5 9. Bd2 cxd4 10. cxd4 Qb6 11.
Nf3 Rg8 12. Bd3 h5 13. Qf4 Nf5 14. c3 Bd7 15. O-O Qd8 16. Rfb1 b6 17. Ng5 Nce7 18. g4 Ng6 19. Qf3 Ngxh4 20. Qh3 hxg4 21. Qxg4 Rh8 22. a4 f6 23. Nh3 a6 24. Re1 fxe5 25. Rxe5 Qf6 26.
Bg5 Qg6 27. Nf4 Qxg5 28. Qxg5 Nf3+ 29. Kg2 Nxg5 30. Bxf5 Ne4 31. Nxd5 Kf7 32. Bxe4 exd5 33. Bxd5+ Kf6 34. Bxa8 Rxa8 35. Rb1 Bc6+ 36. d5 Bxa4 37.
Re6+ Kf5 38. Rbe1 Bc2 39. Kf3 Kg5 40. R1e5+ Kh4 41. Rxb6 Rf8+ 0-1